 Dungeon Crawl Stone Soup version 0.19-a0-1238-gee6bd96 (webtiles) character file.

46 MTVSty1e the Ducker (level 3, -6/28 HPs)
             Began as a Demonspawn Gladiator on Aug 26, 2016.
             Mangled by a worm (11 damage)
             ... on level 2 of the Dungeon.
             The game lasted 00:03:32 (998 turns).

MTVSty1e the Ducker (Demonspawn Gladiator)           Turns: 998, Time: 00:03:34

Health: -6/28      AC:  8    Str: 16    XL:     3   Next: 46%
Magic:  3/3        EV: 10    Int:  9    God:
Gold:   46         SH:  0    Dex: 13    Spells: 0 memorised, 2 levels left

rFire  . . .     SeeInvis .     a - +0 war axe
rCold  . . .     Gourm    .     h - +0 scale mail
rNeg   . . .     Faith    .     (no shield)
rPois  .         Spirit   .     c - +0 helmet
rElec  .         Dismiss  .     (no cloak)
rCorr  .         Reflect  .     (no gloves)
MR     .....     Harm     .     (no boots)
Stlth  ..........               (no amulet)
                                (no ring)
                                b - +1 ring of protection

@: no status effects
A: demonic guardian 1
a: no special abilities


You were on level 2 of the Dungeon.
You were not hungry.

You visited 1 branch of the dungeon, and saw 2 of its levels.

You collected 46 gold pieces.

Inventory:

Hand Weapons
 a - a +0 war axe (weapon)
Missiles
 d - 3 throwing nets (quivered)
Armour
 c - a +0 helmet (worn)
 h - a +0 scale mail (worn)
Jewellery
 b - a +1 ring of protection (left hand)
Scrolls
 e - 3 scrolls of identify {unknown}
 i - a scroll of enchant armour {unknown}
 j - a scroll of random uselessness {unknown}
Comestibles
 f - a bread ration
 g - a meat ration


   Skills:
 * Level 2.8 Fighting
 + Level 2.8 Axes
 - Level 1.7 Throwing
 + Level 1.2 Armour
 + Level 3.1 Dodging


You had 2 spell levels left.
You didn't know any spells.

Dungeon Overview and Level Annotations

Branches:
Dungeon (2/15)

Altars:
Nemelex Xobeh
Trog


Innate Abilities, Weirdness & Mutations

A weak demonic guardian rushes to your aid.


Message History

You slash the rat!
You kill the rat!
You slash the worm! The worm bites you.
You barely miss the worm.
The worm is moderately wounded.
The moth of wrath goads the worm on!
The worm goes berserk!
The worm barely misses you.
The moth of wrath goads the rat on!
The rat goes berserk!
The rat bites you.
You hit the worm.
The worm is heavily wounded.
You completely miss the rat. The rat bites you but does no damage.
The worm closely misses you. The rat bites you but does no damage.
The worm misses you.
You hit the worm.
The worm is heavily wounded.
You closely miss the rat. The rat misses you. The worm bites you!
* * * LOW HITPOINT WARNING * * *
The rat closely misses you. The rat bites you but does no damage.
The worm bites you!
You die...

#.#.##..#
#.#.###.#
#.#<# #.###
#.### #...#
.. ###.# ##
####.####
##.......##
##.........##
#..w@.......#
#..rw###....#
#..†##y##...#
#....###....#
##.........##
#...._..))#
##)......##
###)..###
####


You could see a moth of wrath, 2 worms and a rat (berserk).

Vanquished Creatures
  2 oozes (D:1)
  3 dart slugs (D:1)
  A giant gecko (D:1)
  5 bats (D:1)
  A goblin (D:1)
  2 hobgoblins (D:1)
  5 jackals (D:1)
  A ball python (D:1)
  A giant newt (D:1)
  2 kobolds (D:1)
  9 rats
32 creatures vanquished.

Notes
Turn   | Place    | Note
-------+----------+-------------------------------------------
     0 | D:1      | MTVSty1e the Demonspawn Gladiator began the quest for the Orb.
     0 | D:1      | Reached XP level 1. HP: 16/16 MP: 1/1
   151 | D:1      | Reached skill level 3 in Dodging
   170 | D:1      | Gained mutation: A weak demonic guardian rushes to your aid. [demonic ancestry]
   170 | D:1      | Reached XP level 2. HP: 14/22 MP: 2/2
   374 | D:1      | Reached skill level 1 in Armour
   387 | D:1      | Found a sparkling altar of Nemelex Xobeh.
   458 | D:1      | Reached XP level 3. HP: 25/28 MP: 3/3
   983 | D:2      | Noticed a moth of wrath
   986 | D:2      | Found a bloodstained altar of Trog.
   998 | D:2      | Mangled by a worm

Vault maps used:
D:1:      matt_arrival_refuge, serial_curves, eino_curves_03, eino_curves_01,
          serial_bayou_pond_d, nemelex_xobeh_ov_fountains_minmay
D:2:      zin_statuary, tgw_trog, first_bread

Skill      XL: |  1  2 |
---------------+-------+-----
Dodging        | 3 |  3.1
Armour         | 1 |  1.2
Fighting       | |  2.8
Axes           | |  2.8
Throwing       | |  1.7

Action                   || total
-------------------------++-------
Melee: War axe           ||    94
Armor: Scale mail        ||    74
Dodge: Dodged            ||    78
